 Dungeon Crawl Stone Soup version 0.24.0-13-gcf9b319 (webtiles) character file.

Game seed: 3434511755079442437, levelgen mode: deterministic

37 Bronimir the Chopper (level 3, -1/29 HPs)
             Began as a Centaur Gladiator on Apr 21, 2020.
             Slain by an adder (3 damage)
             ... on level 2 of the Dungeon.
             The game lasted 00:01:25 (921 turns).

Bronimir the Chopper (Centaur Gladiator)             Turns: 921, Time: 00:01:26

Health: -1/29      AC:  7    Str: 17    XL:     3   Next: 21%
Magic:  3/3        EV:  9    Int: 12    God:
Gold:   51         SH:  0    Dex: 10    Spells: 2/2 levels left

rFire    . . .     SeeInvis .   a - +0 war axe
rCold    . . .     Gourm    .   (no shield)
rNeg     . . .     Faith    .   h - +0 ring mail
rPois    .         Spirit   .   c - +0 helmet
rElec    .         Reflect  .   (no cloak)
rCorr    .         Harm     .   p - +0 pair of gloves
MR       .....                  (no barding)
Stlth    ..........             (no amulet)
HPRegen  0.09/turn              i - +5 ring of intelligence
MPRegen  0.08/turn              (no ring)

@: lethally poisoned (-1 -> -6), very quick
A: large, hooves 3, deformed body, speed 2, tough skin 3
a: no special abilities


You were on level 2 of the Dungeon.
You were not hungry.

You visited 1 branch of the dungeon, and saw 2 of its levels.

You collected 51 gold pieces.

Inventory:

Hand Weapons
 a - a +0 war axe (weapon)
Missiles
 d - 3 throwing nets (quivered)
 e - 55 arrows
 k - 60 stones
Armour
 b - a +0 leather armour
 c - a +0 helmet (worn)
 h - a +0 ring mail (worn)
 p - a +0 pair of gloves (worn)
Jewellery
 i - a +5 ring of intelligence (left hand)
 j - an uncursed ring of ice
Scrolls
 g - 2 scrolls of teleportation {unknown}
 l - a scroll of enchant weapon {unknown}
 n - a scroll of random uselessness {unknown}
 o - a scroll of remove curse {unknown}
Potions
 m - a potion of brilliance {unknown}
Comestibles
 f - 2 rations


   Skills:
 * Level 2.1 Fighting
 * Level 3.2 Axes
 + Level 2.3 Throwing
 * Level 0.6 Armour
 * Level 2.5 Dodging


You had 2 spell levels left.
You didn't know any spells.
Your spell library was empty.

Dungeon Overview and Level Annotations

Branches:
Dungeon (2/15)

Altars:
Hepliaklqana
Xom


Innate Abilities, Weirdness & Mutations

You have hooves in place of feet.
Armour fits poorly on your strangely shaped body.
You cover ground very quickly.
You have extremely tough skin. (AC +3)


Message History

The adder bites you but does no damage.
You miss the adder.
The adder is severely wounded.
The adder bites you but does no damage. x2
You hit the adder.
The adder is almost dead.
The adder bites you but does no damage. x2
You hit the adder.
The adder is almost dead.
You feel sick.
You are no longer poisoned.
The adder bites you.
* * * LOW HITPOINT WARNING * * *
You are lethally poisoned!
The adder poisons you!
You barely miss the adder.
The adder is almost dead.
* * * LOW HITPOINT WARNING * * *
You feel sick. The adder bites you.
You die...

##### # #... .#
####.####.###
###.S..........
#..............
######.#.##.........
#.....#..##.........
#.##.###S##.........
#.#.#####@###.......
#.##.#...## ......!
#.##.#..#......#+###
#..####'#######.
#####.[.# .. #_..###
... ..########.8.###
.....<.##..._#w#
..####..#.#####Z#


You could see an adder.

Vanquished Creatures
  An adder (D:2)
  A dart slug (D:2)
  2 leopard geckos (D:1)
  2 bats (D:1)
  2 giant cockroaches (D:1)
  3 goblins (D:1)
  3 hobgoblins (D:1)
  2 jackals (D:1)
  A ball python (D:1)
  A frilled lizard (D:1)
  5 rats (D:1)
23 creatures vanquished.

Notes
Turn   | Place    | Note
-------+----------+-------------------------------------------
     0 | D:1      | Bronimir the Centaur Gladiator began the quest for the Orb.
     0 | D:1      | Reached XP level 1. HP: 17/17 MP: 1/1
   182 | D:1      | Reached XP level 2. HP: 22/24 MP: 2/2
   543 | D:1      | Reached skill level 3 in Axes
   865 | D:2      | Found a hazy altar of Hepliaklqana.
   866 | D:2      | Found a shimmering altar of Xom.
   867 | D:2      | Noticed a spectral ugly thing
   912 | D:2      | Reached XP level 3. HP: 12/29 MP: 3/3
   921 | D:2      | Slain by an adder

Levels and vault maps discovered:
D:1:      grunt_arrival_lava_bath, layout_basic
D:2:      layout_loops_corners, regret_index_temple_of_mockery

Skill      XL: |  1  2 |
---------------+-------+-----
Axes           | 3 |  3.2
Fighting       | |  2.1
Throwing       | |  2.3
Armour         | |  0.6
Dodging        | |  2.5

Action                   || total
-------------------------++-------
Melee: War axe           ||    53
       Kick              ||     5
Armor: Ring mail         ||    25
Dodge: Dodged            ||    18
